 Dungeon Crawl Stone Soup version 0.24.0-7-gb3623d2c88 (webtiles) character file.

Game seed: 10580401092219618637, levelgen mode: deterministic

590777 Jannitor the Conqueror (level 27, -17/245 HPs)
             Began as a Hill Orc Berserker on Nov 1, 2019.
             Was the Champion of Trog.
             Killed from afar by a purple draconian (39 damage)
             ... with a bolt of dispelling energy
             ... led by Tiamat
             ... on level 5 of the Realm of Zot on Nov 2, 2019.
             The game lasted 01:23:46 (46703 turns).

Jannitor the Conqueror (Hill Orc Berserker)        Turns: 46703, Time: 01:23:48

Health: -17/245    AC: 46    Str: 33    XL:     27
Magic:  10/10      EV: 14    Int:  4    God:    Trog [******]
Gold:   1348       SH: 27    Dex: 15    Spells: 26/26 levels left

rFire    + . .     SeeInvis +   A - +9 broad axe (antimagic)
rCold    + . .     Gourm    .   Z - +0 large shield
rNeg     + . .     Faith    .   h - +8 gold dragon scales
rPois    +         Spirit   .   a - +2 helmet
rElec    .         Reflect  .   k - +0 cloak "Uviwoucwo" {*Contam Str+5 Stlth+}
rCorr    .         Harm     .   q - +1 pair of gloves
MR       +++++     Rnd*Rage +   p - +0 pair of boots {Fly}
Stlth    ..........             T - necklace of Bloodlust {*Rage +Rage MR++ Int-3 Slay+6 *Curse} (curse)
HPRegen  1.50/turn              E - +5 ring of slaying
MPRegen  0.12/turn              J - ring of Gyorih {rPois rN+ SInv}

@: lethally poisoned (-17 -> -17), berserk cooldown, regenerating, slowed, very
slow
A: frail 1
}: 3/15 runes: barnacled, silver, gossamer
a: Berserk, Trog's Hand, Brothers in Arms, Renounce Religion, Evoke Berserk
Rage, Evoke Flight


You were on level 5 of the Realm of Zot.
You worshipped Trog.
Trog was exalted by your worship.
You were not hungry.

You visited 8 branches of the dungeon, and saw 46 of its levels.
You visited the Abyss 1 time.
You visited 2 bazaars.
You also visited: Ossuary.

You collected 6811 gold pieces.
You spent 5463 gold pieces at shops.

Inventory:

Hand Weapons
 A - a +9 antimagic broad axe (weapon)
Missiles
 t - 31 curare-tipped darts (quivered)
Armour
 a - a +2 helmet (worn)
 h - +8 gold dragon scales (worn)
 k - the +0 cloak "Uviwoucwo" (worn) {*Contam Str+5 Stlth+}
   (You acquired it in a bazaar)

   It affects your strength (+5).
   It causes magical contamination when unequipped.
   It makes you more stealthy.
 p - a +0 pair of boots of flying (worn)
 q - a +1 pair of gloves (worn)
 X - +2 storm dragon scales {Bai Suzhen}
 Z - a +0 large shield (worn)
Jewellery
 E - a +5 ring of slaying (left hand)
 I - the amulet of the Air {Inacc +Fly rElec EV+5 RMsl}
   (You found it on level 4 of the Depths)

   [amulet of inaccuracy]

   It reduces the accuracy of all your attacks.
   It affects your evasion (+5).
   It insulates you from electricity.
   It lets you fly.
   It protects you from missiles.
 J - the ring of Gyorih (right hand) {rPois rN+ SInv}
   (You bought it in a shop on level 2 of the Orcish Mines)

   [ring of see invisible]

   It protects you from poison.
   It protects you from negative energy.
   It lets you see invisible.
 T - the cursed necklace of Bloodlust (around neck) {*Rage +Rage MR++ Int-3 Slay+6 *Curse}
   (You bought it in a shop in a bazaar)

   [amulet of rage]

   It affects your intelligence (-3).
   It affects your accuracy and damage with ranged weapons and melee attacks
   (+6).
   It affects your resistance to hostile enchantments.
   It lets you go berserk.
   It may make you go berserk in combat.
   It curses itself when equipped.
   It has a curse placed upon it.
Wands
 g - a wand of polymorph (43)
 o - a wand of clouds (1)
 r - a wand of enslavement (35)
 x - a wand of acid (31)
 z - a wand of iceblast (31)
 H - a wand of flame (21)
 L - a wand of digging (13)
 R - a wand of paralysis (12)
Scrolls
 e - 12 scrolls of teleportation
 i - 30 scrolls of remove curse
 l - 4 scrolls of magic mapping
 y - a scroll of silence
 B - a scroll of holy word
 D - 2 scrolls of blinking
 G - 7 scrolls of fear
 K - 7 scrolls of identify
 N - 7 scrolls of fog
 U - 3 scrolls of brand weapon
 V - a scroll of summoning
Potions
 d - 25 potions of curing
 f - 4 potions of haste
 j - 5 potions of flight
 m - a potion of brilliance
 n - 6 potions of ambrosia
 s - 2 potions of resistance
 u - 7 potions of heal wounds
 v - 3 potions of agility
 w - 6 potions of cancellation
 F - 2 potions of berserk rage
 O - 7 potions of might
 P - 6 potions of magic
 Q - 2 potions of invisibility
 S - 5 potions of mutation
 Y - 5 potions of lignification
Comestibles
 c - 54 rations


   Skills:
 O Level 27 Fighting
 - Level 18.4 Axes
 + Level 26.4 Armour
 + Level 10.8 Dodging
 + Level 23.7 Shields
 - Level 10.7 Evocations


You had 26 spell levels left.
You didn't know any spells.
Your spell library was empty.

Dungeon Overview and Level Annotations

Branches:
Dungeon (15/15)            Temple (0/1) D:5            Lair (6/6) D:8
 Shoals (4/4) Lair:2       Spider (4/4) Lair:4        Slime (0/5) Lair:6
    Orc (2/2) D:12            Elf (0/3) Orc:2        Vaults (5/5) D:14
 Depths (5/5) D:15            Zot (5/5) Depths:5    Ossuary (visited)
  Crypt: Vaults:2-3

Altars:
Ashenzari
Cheibriados
Dithmenos
Elyvilon
Hepliaklqana
Kikubaaqudgha
Nemelex Xobeh
Okawaru
Qazlal
Ru
Sif Muna
Vehumet
Wu Jian
Xom
Beogh

Shops:
Orc:2 [=}}   Vaults:1 [   Vaults:2 ?   Depths:1 !*?}   Depths:2 ?
Depths:4 }=}

Portals:
Hell: Depths:3 Depths:4 Depths:5
Abyss: Depths:2 Depths:4
Pandemonium: Depths:3
Ziggurat: Depths:2

Annotations:
D:5 1 runed translucent door, Crazy Yiuf
D:7 2 transporters, hcgyg4s's ghost, novice OgTm
Lair:2 exclusion: 2 oklob plants
Lair:6 exclusion: 2 oklob plants
Spider:3 exclusion: downstairs
Vaults:4 1 exclusion
Depths:3 1 runed translucent door, exclusion: orange crystal statue
Zot:2 3 runed translucent doors, Toelubet's ghost, veteran CeHu
Zot:5 Tiamat


Innate Abilities, Weirdness & Mutations

You are frail. (-10% HP)


Message History

* * * LOW HITPOINT WARNING * * *
Unknown command.
You slash Tiamat!
Tiamat is moderately wounded.
You feel sick.
Unknown command.
You block Tiamat's attack.
Things that are here:
a +9 club of flaming; a moth of wrath corpse Unknown command.
You feel a strong urge to attack something.
You feel sick.
Unknown command.
You are no longer berserk.
You are exhausted.
You feel yourself slow down.
You feel sick.
The purple draconian breathes dispelling energy at you.
The bolt of dispelling energy hits you!!!
Your magical effects are unravelling.
You die...

*,,,,* #...###....##
***,,,******#######...###?}.#####
,,,,,,,,,,,,.....................
,,,,,,,,,⌠,,.....................
,,,,,,,,,,,,.....................
,,,,,,,,,,,,...............###...
******###***#####...###.....#####
*,,,,....###...####○°......#
*,,,,.......÷.q@○d○○○......#####
*,,,,...........°°)d............
*****..............°............
*............d..)...........
*#...#####..d.####......##..
#...* #....# #########.. #..,*
##.^.# ### ##*** #.)## ##.#


You could see Tiamat, a green draconian, a purple draconian, a white draconian
and a black draconian annihilator.

Vanquished Creatures
  2 orbs of fire (Zot:5)
  Mara (Vaults:3)
  4 ancient liches (Zot:5)
  A juggernaut (Depths:4)
  Saint Roka (Vaults:5)
  4 Killer Klowns
  A curse toe (Zot:1)
  Frederick (Vaults:5)
  9 golden dragons
  Jory (Vaults:2)
  the Enchantress (Depths:4)
  A bone dragon (Depths:5)
  7 liches
  An electric golem (Zot:3)
  Jorgrun (Spider:3)
  23 tentacled monstrosities
  The ghost of Anosyof the Impaler, an adept CeHu of Okawaru (Vaults:4)
  2 titans
  12 Orb Guardians (Zot:5)
  4 quicksilver dragons
  6 sphinxes
  9 death cobs
  6 tengu reavers
  6 shadow dragons
  10 draconian monks
  16 storm dragons
  Kirke (Lair:5)
  6 fire giants
  Roxanne (D:14)
  2 iron dragons
  5 draconian knights
  6 draconian scorchers
  A deep elf sorcerer (Vaults:5)
  13 frost giants
  16 vault wardens
  3 emperor scorpions
  4 ghost moths
  6 draconian stormcallers
  A balrug (Depths:3)
  A ghost moth (shapeshifter) (Depths:5)
  9 draconian annihilators
  10 draconian shifters
  6 spriggan defenders
  16 ironheart preservers
  6 entropy weavers
  14 very ugly things
  A war gargoyle (Vaults:5)
  26 stone giants
  10 black draconians
  4 deep elf demonologists
  4 vampire knights (Depths:2)
  9 yellow draconians
  2 deep elf annihilators
  7 green draconians
  13 purple draconians
  4 spark wasps
  6 white draconians
  5 red draconians
  Snorg (D:11)
  3 deep elf death magi (Vaults:3)
  2 merfolk javelineers
  20 ettins
  4 deep elf high priests (Vaults:5)
  A fire dragon (shapeshifter) (Depths:4)
  11 fire dragons
  2 jiangshi (Depths:1)
  A spectral quicksilver dragon (Vaults:4)
  5 merfolk impalers
  Erolcha (D:9)
  3 rakshasas
  7 great orbs of eyes
  15 ice dragons
  31 vault guards
  21 yaktaur captains
  6 hydras
  2 spriggan air magi (Depths:4)
  A death knight (Vaults:4)
  A spectral shadow dragon (Vaults:4)
  4 merfolk aquamancers
  Erica (Orc:1)
  Harold (D:11)
  2 catoblepae (Lair:6)
  3 centaur warriors
  3 merfolk avatars (Shoals:4)
  2 alligator snapping turtles
  31 two-headed ogres
  6 deep troll earth magi
  4 deep troll shamans
  A satyr (Shoals:4)
  3 hell hogs (Abyss:4)
  An alligator (shapeshifter) (Depths:4)
  6 death yaks
  A spectral stone giant (Vaults:4)
  2 spriggan berserkers
  11 ogre magi
  A titan zombie (Abyss:4)
  3 tengu warriors
  A vampire mage (Depths:1)
  Urug (Lair:4)
  An orc high priest (Orc:2)
  2 wretched stars
  8 deep elf knights
  2 large abominations (Abyss:4)
  Nergalle (Lair:2)
  2 spectral humans (Vaults:4)
  12 hell knights (Depths:5)
  A shadow wraith (Vaults:1)
  A death drake (shapeshifter) (Vaults:3)
  12 sea snakes
  3 starcursed masses (Abyss:4)
  A storm dragon skeleton (Vaults:2)
  2 unseen horrors
  9 skeletal warriors
  5 wizards
  7 deep elf archers
  A swamp dragon (shapeshifter) (Vaults:1)
  7 glowing orange brains
  An infernal demonspawn (Depths:3)
  2 flayed ghosts
  19 deep trolls
  An orange crystal statue (Vaults:4)
  7 necromancers
  A lindwurm (Lair:5)
  16 deep elf magi
  Pikel (D:9)
  14 harpies
  18 orb spiders
  9 ironbrand convokers
  A harpy (shapeshifter) (Vaults:2)
  4 phantasmal warriors
  26 wolf spiders
  12 orc knights
  41 ugly things
  4 orc sorcerers
  A salamander (shapeshifter) (D:15)
  6 fauns
  A worldbinder (Abyss:4)
  A moth of wrath (shapeshifter) (Vaults:5)
  6 cyclopes
  9 manticores
  A faun (shapeshifter) (Depths:5)
  A stone giant skeleton (Vaults:2)
  2 frost giant skeletons (Vaults:2)
  26 moths of wrath
  An ice statue (D:12)
  A rust devil (Depths:3)
  5 elephants (Lair:6)
  21 vault sentinels
  6 merfolk sirens
  Joseph (D:9)
  An elephant (shapeshifter) (Abyss:4)
  3 black mambas
  2 guardian serpents (shapeshifter)
  A fire giant skeleton (D:15)
  5 human skeletons (Vaults:2)
  3 torpor snails
  The ghost of Tinylith the Shield-Bearer, a novice FoFi (D:4)
  9 water nymphs
  3 centaur skeletons
  A gargoyle (D:13)
  11 spiny frogs
  A rime drake (Lair:6)
  2 orange demons (Depths:3)
  A rime drake (shapeshifter) (Vaults:5)
  5 freezing wraiths
  6 tengu conjurers
  7 demonic crawlers
  3 komodo dragons
  A spectral glowing shapeshifter (Vaults:4)
  55 yaktaurs
  An ancient zyme (Abyss:4)
  A queen bee (shapeshifter) (Vaults:2)
  2 yaktaur skeletons
  16 merfolk
  A polar bear (Lair:4)
  3 wind drakes (Shoals:4)
  7 trolls
  Grinder (D:6)
  28 jumping spiders
  20 hornets
  2 polar bears (shapeshifter)
  30 blink frogs
  11 hippogriffs
  4 raiju (Abyss:4)
  5 snapping turtles
  A raiju (shapeshifter) (Depths:5)
  2 hippogriffs (shapeshifter)
  A fire giant simulacrum (Vaults:4)
  A frost giant simulacrum (Vaults:4)
  A deep troll zombie (D:15)
  A spriggan zombie (D:15)
  16 dream sheep
  21 slime creatures
  16 water elementals
  53 redbacks
  17 spriggans
  2 wyverns
  4 vampires
  3 ettin skeletons (Vaults:2)
  2 wraiths (D:15)
  61 yaks
  17 tarantellas
  A human (D:13)
  A hungry ghost (D:11)
  3 hogs (Lair:5)
  A chaos spawn (Abyss:4)
  A hog (shapeshifter) (Vaults:1)
  4 basilisks
  A neqoxec (Abyss:4)
  9 vampire mosquitoes
  3 wargs
  An acid dragon (Vaults:2)
  2 soldier ants
  A floating eye (Depths:2)
  An ogre skeleton (Vaults:1)
  6 porcupines
  7 water moccasins
  9 sky beasts
  A sky beast (shapeshifter) (Vaults:1)
  A phantom (D:6)
  4 slaves (D:9)
  31 orc warriors
  8 boggarts
  5 black bears
  14 ice beasts
  2 eyes of draining
  27 ogres
  4 wolves (Lair:4)
  18 centaurs
  An orc skeleton (Vaults:2)
  11 crocodiles
  A yaktaur zombie (Vaults:1)
  A big kobold (D:7)
  20 bullfrogs
  A wyvern zombie (D:10)
  A hornet simulacrum (Vaults:1)
  6 scorpions
  4 small abominations (Abyss:4)
  4 human simulacra
  8 killer bees
  13 wights
  3 howler monkeys
  6 electric eels
  8 crimson imps
  3 centaur zombies
  7 hounds
  2 quasits
  4 bullfrog skeletons
  2 jellies
  31 orc priests
  Ijyb (D:3)
  3 iguanas
  27 orc wizards
  13 worker ants
  A statue (D:6)
  A naga skeleton (Abyss:4)
  2 hound skeletons
  14 mummies
  A howler monkey zombie (D:7)
  3 adders
  4 gnolls (D:4)
  3 shadow imps
  2 white imps (Abyss:4)
  An adder zombie (D:6)
  5 worms
  3 dart slugs
  2 leopard geckos
  95 orcs
  3 giant cockroaches
  4 hobgoblins
  4 jackals
  14 kobolds
  6 quokkas
  2 ball pythons
  7 bats
  A frilled lizard (D:1)
  A gnoll skeleton (Ossuary)
  8 goblins
  2 goblin skeletons (Ossuary)
  5 kobold skeletons (Ossuary)
  A leopard gecko skeleton (D:7)
  A quokka skeleton (D:4)
  6 rats
  11 rat skeletons (Ossuary)
  3 crawling corpses (Vaults:5)
  8 fungi
  5 plants
  A withered plant (D:15)
1967 creatures vanquished.

Vanquished Creatures (collateral kills)
  Bai Suzhen (Spider:3)
  2 golden dragons
  Arachne (Spider:3)
  A tentacled monstrosity (Zot:2)
  2 emperor scorpions
  A draconian annihilator (Zot:1)
  A stone giant (Vaults:5)
  A black draconian (Zot:2)
  3 green draconians
  An entropy weaver (Spider:3)
  A red draconian (Zot:2)
  A purple draconian (Zot:2)
  A merfolk avatar (Shoals:1)
  A catoblepas (Lair:6)
  A death knight (Vaults:2)
  A flayed ghost (Vaults:2)
  5 wolf spiders
  An orc sorcerer (Orc:2)
  4 orb spiders
  A deep elf mage (Vaults:5)
  3 demonic crawlers
  A freezing wraith (Vaults:2)
  A jumping spider (Spider:4)
  A troll (Orc:2)
  A hornet (Spider:4)
  A snapping turtle (Shoals:1)
  3 redbacks
  4 tarantellas
  A water elemental (Shoals:1)
  4 orc warriors (Orc:2)
  3 orc priests (Orc:2)
  6 orc wizards (Orc:2)
  2 orcs (Orc:2)
62 creatures vanquished.

Vanquished Creatures (others)
  A ghost moth (Spider:4)
  A deep elf knight (Vaults:5)
  A water elemental (Depths:3)
  An orc warrior (Vaults:5)
  A crimson imp (D:9)
  An orc wizard (Orc:2)
  5 fungi
  19 plants
  2 withered plants (D:15)
32 creatures vanquished.

Grand Total: 2061 creatures vanquished

Notes
Turn   | Place    | Note
-------+----------+-------------------------------------------
     0 | D:1      | Jannitor the Hill Orc Berserker began the quest for the
                  | Orb.
     0 | D:1      | Reached XP level 1. HP: 19/19 MP: 1/1
   389 | D:1      | Reached XP level 2. HP: 27/27 MP: 2/2
  1285 | D:2      | Found a shadowy altar of Dithmenos.
  1466 | D:2      | Reached skill level 4 in Fighting
  1472 | D:2      | Reached XP level 3. HP: 33/33 MP: 3/3
  1506 | D:2      | Reached ** piety under Trog
  1991 | D:3      | Noticed Ijyb
  2006 | D:3      | Killed Ijyb
  2006 | D:3      | Reached XP level 4. HP: 41/41 MP: 4/4
  2030 | D:3      | Found an ornate altar of the Wu Jian Council.
  2306 | D:3      | Reached skill level 5 in Axes
  2459 | D:3      | Found a hazy altar of Hepliaklqana.
  2712 | D:4      | Reached XP level 5. HP: 47/47 MP: 5/5
  2778 | D:4      | Found a sand-covered staircase.
  2787 | Ossuary  | Entered an ossuary
  2826 | Ossuary  | Reached skill level 1 in Shields
  3019 | Ossuary  | Reached *** piety under Trog
  3083 | Ossuary  | Reached XP level 6. HP: 42/55 MP: 6/6
  3544 | Ossuary  | Reached skill level 5 in Fighting
  4238 | D:4      | Found a shimmering altar of Xom.
  4253 | D:4      | Noticed an orc warrior
  4253 | D:4      | Noticed Tinylith's ghost (novice FoFi)
  4254 | D:4      | Found a runed translucent gate.
  4254 | D:4      | Found a runed translucent gate.
  4254 | D:4      | Found a runed translucent gate.
  4254 | D:4      | Identified the +12 chain mail of Defence {rF+}
  4255 | D:4      | Found a roughly hewn altar of Beogh.
  4277 | D:4      | Killed Tinylith's ghost
  4277 | D:4      | Reached XP level 7. HP: 56/62 MP: 7/7
  4280 | D:4      | Reached skill level 6 in Fighting
  4470 | D:4      | Found a sacrificial altar of Ru.
  4556 | D:4      | Reached XP level 8. HP: 70/70 MP: 8/8
  4703 | D:4      | Found an iron altar of Okawaru.
  4703 | D:4      | Found a snail-covered altar of Cheibriados.
  4775 | D:5      | Entered Level 5 of the Dungeon
  4879 | D:5      | Reached skill level 5 in Armour
  5025 | D:5      | Found a runed translucent door.
  5026 | D:5      | Noticed Crazy Yiuf
  5057 | D:5      | Reached **** piety under Trog
  5191 | D:5      | Found a staircase to the Ecumenical Temple.
  5359 | D:6      | Noticed Grinder
  5371 | D:6      | Killed Grinder
  5380 | D:6      | Reached skill level 7 in Fighting
  5391 | D:6      | Found a white marble altar of Elyvilon.
  5495 | D:6      | Reached skill level 5 in Shields
  5498 | D:6      | Reached XP level 9. HP: 79/79 MP: 9/9
  5685 | D:6      | Found a radiant altar of Vehumet.
  5750 | D:6      | Found a sparkling altar of Nemelex Xobeh.
  5870 | D:7      | Found a snail-covered altar of Cheibriados.
  5918 | D:7      | Reached skill level 8 in Fighting
  5950 | D:7      | Found a transporter.
  5952 | D:7      | Found a transporter.
  5952 | D:7      | Noticed hcgyg4s's ghost (novice OgTm)
  6202 | D:7      | Reached ***** piety under Trog
  6679 | D:8      | Found an ancient bone altar of Kikubaaqudgha.
  6694 | D:8      | Reached XP level 10. HP: 89/90 MP: 10/10
  6702 | D:8      | Reached skill level 9 in Fighting
  6776 | D:8      | Found a staircase to the Lair.
  6856 | D:8      | Found a shimmering blue altar of Sif Muna.
  6891 | D:8      | Reached skill level 10 in Axes
  7673 | D:9      | Reached skill level 1 in Evocations
  7737 | D:9      | Found a stormy altar of Qazlal.
  7752 | D:9      | Noticed Pikel
  7769 | D:9      | Killed Pikel
  7845 | Lair:1   | Entered Level 1 of the Lair of Beasts
  7861 | Lair:1   | Reached skill level 10 in Fighting
  7870 | Lair:1   | Reached XP level 11. HP: 89/100 MP: 13/13
  7995 | Lair:1   | Noticed an eight-headed hydra
  8003 | Lair:1   | Killed an eight-headed hydra
  8635 | Lair:2   | Reached skill level 11 in Fighting
  8655 | Lair:2   | Noticed an oklob plant
  8655 | Lair:2   | Noticed an oklob plant
  8741 | Lair:2   | Found a staircase to the Shoals.
  8796 | Lair:2   | Reached skill level 10 in Armour
  8796 | Lair:2   | Reached skill level 5 in Evocations
  8834 | Lair:2   | Received a gift from Trog
  8914 | Lair:2   | Noticed an eight-headed hydra
  8923 | Lair:2   | Killed an eight-headed hydra
  9001 | Lair:2   | Noticed Nergalle
  9019 | Lair:2   | Killed Nergalle
  9019 | Lair:2   | Reached XP level 12. HP: 92/111 MP: 16/16
  9527 | Lair:3   | Reached skill level 12 in Fighting
 10485 | Lair:4   | Noticed a five-headed hydra
 10522 | Lair:4   | Noticed a five-headed hydra
 10528 | Lair:4   | Killed a five-headed hydra
 10596 | Lair:4   | Noticed Urug
 10611 | Lair:4   | Killed Urug
 10769 | Lair:4   | Noticed a spriggan rider
 10816 | Lair:4   | Noticed a spriggan rider
 10836 | Lair:4   | Killed a spriggan rider
 10855 | Lair:4   | Noticed a seven-headed hydra
 10940 | Lair:5   | Reached XP level 13. HP: 101/119 MP: 15/18
 11013 | Lair:5   | Reached skill level 13 in Fighting
 11413 | Lair:5   | Noticed Kirke
 11434 | Lair:5   | Killed Kirke
 11592 | Lair:5   | Got a sparkling iron ring
 11774 | Lair:6   | Entered Level 6 of the Lair of Beasts
 11774 | Lair:6   | Found a staircase to the Slime Pits.
 11909 | Lair:6   | Received a gift from Trog
 12142 | Lair:6   | Reached skill level 15 in Axes
 12173 | Lair:6   | Reached skill level 14 in Fighting
 12297 | Lair:6   | Reached XP level 14. HP: 132/132 MP: 5/21
 12650 | Lair:6   | Reached skill level 10 in Evocations
 12860 | Lair:4   | Found a hole to the Spider Nest.
 12880 | Lair:4   | Identified the ring of Onwakhum {Ice rN+ MR+ Int+10 Dex-4}
                  | (You found it on level 5 of the Lair of Beasts)
 13024 | Shoals:1 | Entered Level 1 of the Shoals
 13211 | Shoals:1 | Received a gift from Trog
 13240 | Shoals:1 | HP: 6/133 [drowned by a water nymph (11)]
 13478 | D:9      | Noticed Erolcha
 13505 | D:9      | Killed Erolcha
 13523 | D:9      | Noticed Joseph
 13534 | D:9      | Killed Joseph
 13777 | D:9      | Found a shattered altar of Ashenzari.
 14013 | D:10     | Entered Level 10 of the Dungeon
 14212 | D:10     | Found a sacrificial altar of Ru.
 14877 | D:11     | Reached skill level 15 in Fighting
 14992 | D:11     | Noticed Harold
 15009 | D:11     | Killed Harold
 15051 | D:11     | Noticed Snorg
 15058 | D:11     | Killed Snorg
 15121 | D:11     | Received a gift from Trog
 15586 | D:12     | Reached XP level 15. HP: 130/141 MP: 7/23
 15699 | D:12     | Found a staircase to the Orcish Mines.
 15714 | Orc:1    | Entered Level 1 of the Orcish Mines
 15768 | Orc:2    | Entered Level 2 of the Orcish Mines
 15952 | Orc:2    | Found a staircase to the Elven Halls.
 16000 | Orc:1    | Noticed Erica
 16009 | Orc:1    | Killed Erica
 16013 | Orc:1    | Reached ****** piety under Trog
 16310 | Orc:2    | Received a gift from Trog
 16335 | Orc:2    | Found Jeaff's Gadget Emporium.
 16335 | Orc:2    | Found Bywahias's Antique Armour Shoppe.
 16335 | Orc:2    | Found Mahaegoi's Gadget Emporium.
 16357 | Orc:2    | Found Veimp's Jewellery Shoppe.
 16364 | Orc:2    | Bought an embroidered cloak for 262 gold pieces
 16365 | Orc:2    | Bought the amulet "Itusuch" {Reflect rElec rPois Int+2
                  | Dex+5 SH+2} for 646 gold pieces
 16646 | Orc:2    | Bought the ring of Gyorih {rPois rN+ SInv} for 486 gold
                  | pieces
 16953 | Spider:1 | Entered Level 1 of the Spider Nest
 17008 | Spider:1 | Reached skill level 5 in Dodging
 17274 | Spider:2 | Received a gift from Trog
 17286 | Spider:3 | Noticed an emperor scorpion
 17300 | Spider:3 | Killed an emperor scorpion
 17306 | Spider:3 | Noticed Bai Suzhen
 17315 | Spider:3 | Killed Bai Suzhen
 17330 | Spider:3 | Noticed Jorgrun
 17885 | Spider:3 | Noticed Arachne
 17895 | Spider:3 | Reached skill level 16 in Fighting
 17902 | Spider:3 | Killed Arachne
 17922 | Spider:3 | Killed Jorgrun
 18069 | Spider:3 | Noticed an emperor scorpion
 18085 | Spider:3 | Reached skill level 15 in Armour
 18085 | Spider:3 | Reached XP level 16. HP: 78/151 MP: 8/24
 18431 | Spider:4 | Entered Level 4 of the Spider Nest
 18473 | Spider:4 | Received a gift from Trog
 18896 | Spider:4 | Upgraded the game from 0.24.0-3-g28a8eb0610 to
                  | 0.24.0-7-gb3623d2c88
 19598 | Spider:4 | Reached skill level 17 in Fighting
 20294 | Spider:4 | Got a gossamer rune of Zot
 21128 | D:12     | Reached XP level 17. HP: 90/162 MP: 8/25
 21383 | D:13     | Found a flickering gateway to a bazaar.
 21392 | Bazaar   | Entered a bazaar
 21392 | Bazaar   | Found Ynoshus's Distillery.
 21395 | Bazaar   | Found Vuhastie's General Store.
 21413 | Bazaar   | Found Xybaxkoh's General Store.
 21421 | Bazaar   | Found Cimov's Jewellery Boutique.
 21429 | Bazaar   | Bought the cursed necklace of Bloodlust {*Rage +Rage MR++
                  | Int-3 Slay+6 *Curse} for 622 gold pieces
 21429 | Bazaar   | Found the cursed necklace of Bloodlust {*Rage +Rage MR++
                  | Int-3 Slay+6 *Curse}
 21433 | Bazaar   | Found Meoxof's Armour Shop.
 21455 | Bazaar   | Bought a +0 large shield for 63 gold pieces
 21479 | Bazaar   | Bought a potion of heal wounds for 60 gold pieces
 22186 | D:14     | Received a gift from Trog
 22376 | D:14     | Noticed Roxanne
 22499 | D:14     | Killed Roxanne
 22534 | D:14     | Found a gate to the Vaults.
 22543 | Vaults:1 | Entered Level 1 of the Vaults
 22708 | Vaults:1 | Reached skill level 18 in Fighting
 22948 | Vaults:1 | Found Agaemul's Armour Shop.
 23136 | Vaults:1 | Received a gift from Trog
 23317 | Vaults:1 | Cast into level 4 of the Abyss (vault warden)
 23399 | Abyss:4  | Reached skill level 10 in Shields
 23467 | Abyss:4  | Reached XP level 18. HP: 117/173 MP: 8/26
 23478 | Abyss:4  | Received a gift from Trog
 23488 | Vaults:1 | Escaped the Abyss
 24377 | Vaults:2 | Reached skill level 19 in Fighting
 24393 | Vaults:2 | Noticed Jory
 24417 | Vaults:2 | Killed Jory
 24905 | Vaults:2 | Found Jylyrphe's Magic Scroll Shop.
 24967 | Vaults:2 | Received a gift from Trog
 25506 | Vaults:2 | Reached XP level 19. HP: 184/184 MP: 9/27
 25612 | Vaults:2 | You fall into a shaft and drop 2 floors!
 25654 | Vaults:4 | Reached skill level 20 in Fighting
 25666 | Vaults:4 | Received a gift from Trog
 25964 | Vaults:4 | Found a gateway to a bazaar.
 26256 | Vaults:3 | Noticed a Hell Sentinel
 26264 | Vaults:3 | Noticed a Brimstone Fiend
 26566 | Vaults:3 | Received a gift from Trog
 26738 | Vaults:3 | Noticed Mara
 26749 | Vaults:3 | Noticed Jannitor's illusion
 26756 | Vaults:3 | Killed Mara
 27244 | Vaults:3 | Reached XP level 20. HP: 153/195 MP: 9/28
 27285 | Vaults:3 | Reached skill level 21 in Fighting
 27506 | Vaults:3 | Received a gift from Trog
 28013 | Vaults:4 | Found a runed translucent gate.
 28013 | Vaults:4 | Found a runed translucent gate.
 28013 | Vaults:4 | Found a runed translucent gate.
 28013 | Vaults:4 | Noticed a lich
 28013 | Vaults:4 | Noticed Anosyof's ghost (adept CeHu)
 28179 | Vaults:4 | Killed a lich
 28197 | Vaults:4 | Killed Anosyof's ghost
 28208 | Vaults:4 | Identified the cursed -4 pair of gloves of Jigsaw {Int+5}
                  | (You found it on level 4 of the Vaults)
 28710 | Vaults:5 | Entered Level 5 of the Vaults
 28718 | Vaults:5 | Reached skill level 15 in Shields
 28724 | Vaults:4 | Received a gift from Trog
 29201 | Vaults:5 | Reached XP level 21. HP: 127/206 MP: 9/29
 29206 | Vaults:5 | Reached skill level 22 in Fighting
 29304 | Vaults:5 | Received a gift from Trog
 29503 | Vaults:5 | Noticed Saint Roka
 29522 | Vaults:5 | Killed Saint Roka
 29571 | Vaults:5 | Noticed a golden dragon
 29574 | Vaults:5 | Identified the ring of Dagoapt {MR++ SInv}
 29579 | Vaults:5 | Killed a golden dragon
 29947 | Vaults:5 | Identified the amulet of Anummeng {Spirit rElec Int+4}
 30368 | Vaults:5 | Noticed Frederick
 30382 | Vaults:5 | Killed Frederick
 30467 | Vaults:5 | Received a gift from Trog
 30829 | Vaults:5 | Reached XP level 22. HP: 217/217 MP: 10/30
 30990 | Vaults:5 | Reached skill level 23 in Fighting
 31098 | Vaults:5 | Identified the +3 great mace of Ash {freeze, +Rage rN+}
 31204 | Vaults:5 | Got a silver rune of Zot
 31255 | Vaults:5 | Identified the Incunabulum of Black Secrets and Attacks
 31556 | Vaults:5 | Noticed a golden dragon
 31561 | Vaults:5 | Noticed a golden dragon
 31569 | Vaults:5 | Killed a golden dragon
 31574 | Vaults:5 | Killed a golden dragon
 31787 | Bazaar   | Entered a bazaar
 31843 | Bazaar   | Found Usom's Jewellery Shoppe.
 31894 | Bazaar   | Found Hosaod's Magic Scroll Shoppe.
 31902 | Bazaar   | Bought a scroll of fear for 52 gold pieces
 31902 | Bazaar   | Bought a scroll of fog for 30 gold pieces
 31937 | Bazaar   | Found Wamiunae's Jewellery Boutique.
 31967 | Bazaar   | Found Xyhu Olo's Magic Scroll Shoppe.
 31975 | Bazaar   | Bought a scroll of acquirement for 936 gold pieces
 31975 | Bazaar   | Bought a scroll of blinking for 135 gold pieces
 31978 | Bazaar   | Got a scorched cloak
 31989 | Bazaar   | Identified the +0 cloak "Uviwoucwo" {*Contam Str+5 Stlth+}
                  | (You acquired it in a bazaar)
 32357 | Vaults:1 | Bought a +0 pair of boots of flying for 207 gold pieces
 32753 | Shoals:2 | Received a gift from Trog
 32942 | Shoals:4 | Entered Level 4 of the Shoals
 33419 | Shoals:4 | Got a glittering emerald amulet
 33420 | Shoals:4 | Identified the amulet "Dahiedo" {Inacc +Inv +Fly rF+ rC+}
                  | (You found it on level 4 of the Shoals)
 33470 | Shoals:4 | Received a gift from Trog
 34046 | Shoals:4 | Got a barnacled rune of Zot
 34183 | Shoals:1 | Reached XP level 23. HP: 229/229 MP: 10/31
 34781 | D:15     | Entered Level 15 of the Dungeon
 34840 | D:15     | Received a gift from Trog
 35055 | D:15     | Reached skill level 24 in Fighting
 35160 | D:15     | Found a staircase to the Depths.
 35316 | Depths:1 | Entered Level 1 of the Depths
 35838 | Depths:1 | Found Jaill's Gadget Emporium.
 35838 | Depths:1 | Found Ystudgh's Distillery.
 35840 | Depths:1 | Found Suhem's Magic Scroll Emporium.
 35853 | Depths:1 | Bought a scroll of enchant armour for 120 gold pieces
 35853 | Depths:1 | Bought a scroll of blinking for 120 gold pieces
 35854 | Depths:1 | Found Ytut's Assorted Antiques.
 35857 | Depths:1 | Bought a wand of acid (10) for 476 gold pieces
 35860 | Depths:1 | Bought a potion of agility for 144 gold pieces
 35860 | Depths:1 | Bought a potion of curing for 108 gold pieces
 35860 | Depths:1 | Bought a potion of heal wounds for 180 gold pieces
 35863 | Depths:1 | Bought a potion of curing for 51 gold pieces
 35863 | Depths:1 | Bought a potion of resistance for 170 gold pieces
 35863 | Depths:1 | Bought a potion of curing for 51 gold pieces
 35863 | Depths:1 | Bought 2 potions of mutation for 272 gold pieces
 35863 | Depths:1 | Bought 2 potions of mutation for 272 gold pieces
 36060 | Depths:2 | Found a gateway to a ziggurat.
 36068 | Depths:2 | Paralysed by a floating eye for 2 turns
 36122 | Depths:2 | Found Tupnogh's Magic Scroll Shoppe.
 36141 | Depths:2 | Found a one-way gate to the infinite horrors of the Abyss.
 36208 | Depths:3 | Received a gift from Trog
 36255 | Depths:3 | Found a runed translucent door.
 36495 | Depths:3 | Found a one-way gate leading to the halls of Pandemonium.
 36623 | Depths:4 | Noticed a juggernaut
 36912 | Depths:4 | Killed a juggernaut
 36923 | Depths:4 | Identified the ring "Wyuquts" {rC+ rN+ AC+3 Dex+2}
 37071 | Depths:3 | Found a gateway to Hell.
 37354 | Depths:4 | Noticed a golden dragon
 37370 | Depths:4 | Reached XP level 24. HP: 240/240 MP: 10/31
 37539 | Depths:4 | Identified the quicksilver dragon scales of the Trombone
                  | {*Corrode rPois MR+ Dex+3}
 37553 | Depths:4 | Reached skill level 25 in Fighting
 37597 | Depths:4 | Received a gift from Trog
 37951 | Depths:4 | Noticed the Enchantress
 37983 | Depths:4 | Killed the Enchantress
 38313 | Depths:4 | Found the amulet of the Air {Inacc +Fly rElec EV+5 RMsl}
 38332 | Depths:4 | Found Zasy's Jewellery Shoppe.
 38333 | Depths:4 | Found Bifas's Gadget Boutique.
 38333 | Depths:4 | Found Ypnuplom's Gadget Boutique.
 38613 | Depths:5 | Entered Level 5 of the Depths
 38752 | Depths:5 | Received a gift from Trog
 39236 | Depths:5 | Found a gate to the Realm of Zot.
 39866 | Zot:1    | Entered Level 1 of the Realm of Zot
 39886 | Zot:1    | Reached XP level 25. HP: 253/253 MP: 10/31
 40425 | Zot:1    | Reached skill level 26 in Fighting
 41024 | Zot:1    | Received a gift from Trog
 42260 | Zot:2    | Found a runed translucent gate.
 42260 | Zot:2    | Found a runed translucent gate.
 42260 | Zot:2    | Found a runed translucent gate.
 42261 | Zot:2    | Noticed Toelubet's ghost (veteran CeHu)
 42563 | Zot:2    | Noticed a Killer Klown
 42574 | Zot:2    | Killed a Killer Klown
 43312 | Zot:3    | Reached XP level 26. HP: 242/264 MP: 10/31
 43491 | Zot:3    | Received a gift from Trog
 43971 | Zot:3    | Reached skill level 27 in Fighting
 45567 | Zot:4    | Received a gift from Trog
 46130 | Zot:5    | Entered Level 5 of the Realm of Zot
 46579 | Zot:5    | Noticed an orb of fire
 46585 | Zot:5    | Noticed an ancient lich
 46585 | Zot:5    | Noticed an ancient lich
 46587 | Zot:5    | Noticed a Killer Klown
 46591 | Zot:5    | Noticed a Killer Klown
 46592 | Zot:5    | Reached XP level 27. HP: 232/273 MP: 10/31
 46593 | Zot:5    | Identified the +4 dragonskin cloak
 46593 | Zot:5    | Noticed Tiamat
 46596 | Zot:5    | Noticed an orb of fire
 46607 | Zot:5    | Gained mutation: You are frail. (-10% HP) [an orb of fire]
 46608 | Zot:5    | Noticed an ancient lich
 46615 | Zot:5    | Killed an ancient lich
 46626 | Zot:5    | Killed an orb of fire
 46626 | Zot:5    | Noticed an ancient lich
 46644 | Zot:5    | Killed an orb of fire
 46644 | Zot:5    | Reached skill level 10 in Dodging
 46644 | Zot:5    | Paralysed by an ancient lich for 7 turns
 46665 | Zot:5    | Killed an ancient lich
 46674 | Zot:5    | Killed an ancient lich
 46677 | Zot:5    | Killed an ancient lich
 46703 | Zot:5    | Killed from afar by a purple draconian

Levels and vault maps discovered:
D:1:      dpeg_arrival_three_smaller_balls, layout_loops_ring
D:2:      layout_loops_ring, chequers_serial_rivers_micro_a,
          grunt_dithmenos_smoke
D:3:      layout_rooms, old_standard_altar, marbit_many_paths, uniq_ijyb
D:4:      layout_loops_ring, lemuel_doored_altar, lemuel_round_altar,
          gammafunk_temple_overflow_pools, enter_ossuary_1, first_ration,
          biasface_ghost_orc_armoury
D:5:      kennysheep_spiral_hall, layout_rooms, temple_hall,
          uniq_crazy_yiuf_cottage
D:6:      layout_loops_ring, old_standard_altar, elyvilon_altar_4,
          vehumet_statue, minmay_misc_feat_four_crosses, uniq_grinder
D:7:      layout_loops_corners, gammafunk_ghost_mausoleum, chei_slow_surprise
D:8:      layout_loops_corners, kiku_gazebo_garden_becter,
          lemuel_blue_sif_altar, lair_entry_dummy, serial_rivers,
          chequers_serial_rivers_marsh, chequers_serial_rivers_small_b,
          chequers_serial_rivers_marsh, chequers_serial_rivers_micro_d,
          chequers_serial_rivers_micro_e, chequers_serial_rivers_small_b,
          grunt_pizzeria, moated_statue
D:9:      layout_rooms, old_standard_altar, serial_co_window_serial,
          co_window_corner_a, co_window_corner_a, co_window_of_opportunity_a,
          co_window_paths_a, co_window_corner_a, co_window_of_opportunity_a,
          co_window_paths_b, co_window_paths_a, co_window_corner_a,
          co_window_broadway_a, co_window_2corner, co_window_2corner,
          co_window_of_opportunity_c, co_window_corner_cb, glass_columns_b,
          glass_columns_c, glass_columns_a, glass_columns_c, glass_columns_a,
          ashenzari_altar_1, uniq_erolcha, uniq_pikel, uniq_joseph
D:10:     layout_irregular_city, hangedman_ru_absence
D:11:     layout_stronghold, kennysheep_small_square, uniq_snorg, uniq_harold
D:12:     minmay_twisted_water, layout_long_grid
D:13:     layout_cave_pools, serial_shops, bzr_entry_customers
D:14:     layout_roguey, david_vaults_1, uniq_roxanne
D:15:     gammafunk_depths_entry_grave, layout_small_grid,
          minmay_misc_feat_alley, minmay_misc_feat_square
Lair:1:   layout_long_grid, minivault_19
Lair:2:   layout_long_grid, elwin_shoals_entry_rooms,
          chequers_serial_rivers_small_a, lemuel_fruit_fields,
          grunt_megastairs_2, minmay_lair_oklob_chamber, serial_bayou_shore_b,
          uniq_nergalle
Lair:3:   layout_small_grid
Lair:4:   kb_forest_paths, layout_regular_city, spider_nest_entry_funnel_web,
          serial_bayou_pond_d, lemuel_fruit_tree, uniq_urug
Lair:5:   layout_concentric_octagons, uniq_kirke
Lair:6:   evilmike_catoblepas_cave, layout_regular_city,
          minmay_slime_entry_oklob_open, st_stairs_12
Shoals:1: layout_shoals, uniq_frances
Shoals:2: layout_shoals
Shoals:3: layout_shoals, overgrown_statue
Shoals:4: shoals_end_grunt_ice, layout_shoals
Spider:1: layout_spider_delve, hangedman_spider_tarantella_strand
Spider:2: layout_spider_delve
Spider:3: nicolae_spider_corner, uniq_jorgrun, uniq_arachne, uniq_bai_suzhen
Spider:4: guppyfry_spider_rune, drop_trap, nicolae_spider_cling_ruins
Orc:1:    layout_diamond_mine, uniq_erica
Orc:2:    st_orc_mages, layout_caves
Vaults:1: nicolae_vaults_little_squares_1, v_rooms_1, v_misc_3, v_alt_pattern_2,
          v_rooms_6, ontoclasm_vaults_ring_square,
          nicolae_vaults_little_squares_4, v_misc_5, vaults_room_pool,
          st_more_cells, hangedman_vaults_trim, nicolae_vaults_little_squares_3,
          ontoclasm_vaults_fault, layout_vaults_big_room, serial_shops,
          nicolae_shop_crystal
Vaults:2: hangedman_vaults_hat, nicolae_vaults_bisected_exclaves,
          vaults_dpeg_cross, minmay_crypt_entry_skeletal_spiral, v_misc_4,
          vaults_room_grunt_arrival_checkpoint, nicolae_vaults_circle_grid_b,
          st_lattice, nicolae_vaults_mini_display_case,
          nicolae_vaults_network_square, v_misc_8, vaults_room_stairs_pillars,
          layout_vaults_omnicross, serial_shops, shop_statue, uniq_jory
Vaults:3: grunt_vaults_funnel, vaults_room_door_ring, v_misc_23,
          ontoclasm_vaults_spin, vaults_room_hallway, v_misc_18,
          nicolae_vaults_little_ls, v_misc_1, vaults_dpeg_hooks,
          nicolae_vaults_display_case, nicolae_vaults_big_ls,
          nicolae_vaults_stairing_the_circle, ontoclasm_vaults_decontamination,
          layout_vaults_omnibox, uniq_mara
Vaults:4: gammafunk_vaults_ghost_necromancy, v_alt_pattern_4,
          hangedman_vaults_restitches, nicolae_vaults_ring_of_whatevers,
          v_alt_pattern_1, hangedman_vaults_pinch,
          vaults_mumra_minichess_inversion, vaults_standard_mumra_x,
          nicolae_vaults_three_branches, v_misc_2, vaults_room_hallway,
          layout_vaults_omnigrid, serial_shops, statue_bzr
Vaults:5: serial_shops, uniq_frederick, uniq_saint_roka
Depths:1: layout_forbidden_donut, grunt_hell_entry_dis_old,
          hangedman_decor_clover_reticule, kennysheep_underground_church,
          grunt_megastairs_3, minmay_shoptagon
Depths:2: evilmike_wizard_prison, layout_cross, enter_ziggurat_e,
          serial_column_ruins, column_ruins_hut, column_ruins_circle_large,
          column_ruins_corridor_straight, column_ruins_open_small_water,
          column_ruins_open_small, column_ruins_open_tiny,
          column_ruins_open_medium, column_ruins_open_tiny, column_ruins_grid_1,
          serial_bayou_lagoon_a, serial_shops, shop,
          abyss_entry_small_statue_room, hellmouth_1,
          minmay_guarded_unrand_vampires_tooth
Depths:3: kennysheep_funnel, layout_cave_pools, rand_demon_pan_entry_4,
          pf_vacation_house_of_asmodeus, minmay_misc_feat_ornament,
          minmay_crystal_box
Depths:4: minmay_the_grid_square_5x5_4x4_mashed
          [minmay_the_grid_square_5x5_gyroscope,
          minmay_the_grid_square_5x5_n_small,
          minmay_the_grid_square_5x5_one_wall, minmay_the_grid_square_5x5_tie,
          minmay_the_grid_square_5x5_checkered_sparse,
          minmay_the_grid_square_5x5_prize_itemx,
          minmay_the_grid_square_5x5_prize_pseudospiral,
          minmay_the_grid_square_5x5_sharp_hourglass,
          minmay_the_grid_square_5x5_minibox,
          minmay_the_grid_square_5x5_prize_monsterx,
          minmay_the_grid_square_5x5_prize_snowflake,
          minmay_the_grid_square_5x5_inset, minmay_the_grid_square_5x5_slash,
          minmay_the_grid_square_5x5_misaligned,
          minmay_the_grid_square_5x5_bridge,
          minmay_the_grid_square_5x5_pentomino_r], layout_basic, hell_entry,
          abyss_entry, minmay_misc_feat_chi, minmay_shop_grove,
          infiniplex_staircase_river, firewood_loft, serial_bayou_shore_b,
          serial_bayou_shore_b, uniq_enchantress
Depths:5: grunt_zot_entry_tricorne, layout_cave_pools, nicolae_water_bricks,
          hell_entry
Zot:1:    layout_concentric_octagons
Zot:2:    layout_onion, ebering_ghost_rock_garden
Zot:3:    layout_twisted_circle, hangedman_elemental_corridor
Zot:4:    layout_gridville
Zot:5:    layout_misc_corridors, uniq_tiamat

Skill      XL: |  1  2  3  4  5  6  7  8  9 10 11 12 13 14 15 16 17 18 19 20 21 22 23 24 25 26 27 |
---------------+----------------------------------------------------------------------------------+-----
Fighting       | 4 5 6 7 8 10 11 12 14 15 16 17 18 19 20 21 22 23 24 25 26 27 | 27.0
Dodging        | 2 3 4 6 8 9 10 | 10.8
Armour         | 3 4 6 7 9 10 11 12 14 15 16 17 18 19 20 21 22 23 24 25 26 | 26.4
Axes           | 5 6 8 9 11 12 13 15 16 17 18 | 18.4
Shields        | 1 3 5 6 7 10 12 14 15 17 18 19 20 21 23 | 23.7
Evocations     | 3 6 7 9 10 | 10.7

Action                   |  1- 3 |  4- 6 |  7- 9 | 10-12 | 13-15 | 16-18 | 19-21 | 22-24 | 25-27 || total
-------------------------+-------+-------+-------+-------+-------+-------+-------+-------+-------++-------
Melee: Hand axe          |   136 |   276 |   174 |   462 |   137 |       |       |       |       ||  1185
       War axe           |       |    10 |     3 |       |       |       |       |       |       ||    13
       Morningstar       |       |       |       |    21 |       |       |       |       |       ||    21
       Broad axe         |       |       |       |       |   840 |  1127 |   879 |  1278 |   815 ||  4939
       Eveningstar       |       |       |       |       |     8 |     3 |       |       |       ||    11
Invok: Berserk           |     2 |     6 |     1 |     6 |     6 |     6 |       |     1 |     1 ||    29
       Trog's Hand       |     1 |     3 |     1 |     3 |    11 |    11 |    13 |     8 |     5 ||    56
       Brothers in Arms  |       |       |       |       |     9 |     8 |     3 |       |     3 ||    23
 Abil: Stop Flying       |       |       |       |       |       |       |       |       |     1 ||     1
Evoke: Wand              |       |       |       |       |       |     8 |     2 |     2 |     1 ||    13
  Use: Scroll            |       |    10 |       |     9 |    10 |    16 |    14 |     4 |     5 ||    68
       Potion            |       |     4 |     1 |       |     4 |     6 |     4 |       |     3 ||    22
 Stab: Petrified         |       |       |       |       |     1 |       |       |       |       ||     1
       Distracted        |       |       |       |       |     1 |     1 |     1 |       |       ||     3
       Paralysed         |       |       |       |       |       |     6 |       |       |       ||     6
       Confused          |       |       |       |       |       |       |       |     1 |       ||     1
  Eat: Chunk             |     4 |    11 |    10 |    17 |    33 |    24 |    15 |    21 |    18 ||   153
       Ration            |       |     1 |       |     1 |     2 |     4 |     3 |     4 |     3 ||    18
Armor: Animal skin       |     8 |       |       |       |       |       |       |       |       ||     8
       Ring mail         |    33 |    68 |     2 |       |       |       |       |       |       ||   103
       Chain mail        |       |       |    81 |   261 |   601 |   575 |   208 |       |       ||  1726
       Gold dragon scale |       |       |       |       |       |       |    63 |   405 |   332 ||   800
Dodge: Dodged            |    96 |   121 |    46 |   177 |   351 |   372 |   177 |   224 |   138 ||  1702
       Deflected         |       |       |       |       |       |       |       |       |     2 ||     2
Block: Buckler           |       |    22 |    33 |   118 |   231 |   116 |       |       |       ||   520
       Large shield      |       |       |       |       |       |   453 |   671 |  1070 |   740 ||  2934
